BSA
PLYMOUTH ROCKS @ MAUI TROPICS
08/09/2026
 
TOP OF THE 1ST
Plymouth Rocks batting - Pitching for Maui Tropics : RHP Júlio González
Pitching: RHP Júlio González
Batting: RHB Luis Sánchez 0-0: Swinging Strike
0-1: Ball
1-1: Ground out U3 (Groundball, 3S)
Batting: RHB Andrés Lara 0-0: Called Strike
0-1: Ball
1-1: Ground out 6-3 (Groundball, 6M)
Batting: LHB Roy Patrick 0-0: Ball
1-0: Ball
2-0: Called Strike
2-1: Swinging Strike
2-2: Foul Ball, location: 2F
2-2: Strikes out swinging
Top of the 1st over - 0 run(s), 0 hit(s), 0 error(s), 0 left on base; Plymouth 0 - Maui 0
BOTTOM OF THE 1ST
Maui Tropics batting - Pitching for Plymouth Rocks : RHP Walt Burton
Pitching: RHP Walt Burton
Batting: RHB Jeff Packard 0-0: Ball
1-0: Fly out, F8 (Flyball, 8LD)
Batting: RHB Eugene Gill 0-0: Ball
1-0: Called Strike
1-1: Ball
2-1: Ball
3-1: Fly out, F9 (Popup, 9LS)
Batting: RHB José Herrera 0-0: Called Strike
0-1: Ground out 6-3 (Groundball, 6)
Bottom of the 1st over - 0 run(s), 0 hit(s), 0 error(s), 0 left on base; Plymouth 0 - Maui 0
TOP OF THE 2ND
Plymouth Rocks batting - Pitching for Maui Tropics : RHP Júlio González
Batting: SHB Greg Welch 0-0: Ground out 4-3 (Groundball, 4)
Batting: LHB Roger Moore 0-0: Ball
1-0: Called Strike
1-1: Ball
2-1: Swinging Strike
2-2: Foul Ball, location: 2F
2-2: Foul Ball, location: 2F
2-2: Foul Ball, location: 2F
2-2: Strikes out looking
Batting: LHB Barrett Waters 0-0: Ground out 6-3 (Groundball, 6M)
Top of the 2nd over - 0 run(s), 0 hit(s), 0 error(s), 0 left on base; Plymouth 0 - Maui 0
BOTTOM OF THE 2ND
Maui Tropics batting - Pitching for Plymouth Rocks : RHP Walt Burton
Batting: LHB Luis Antonio Torres 0-0: Ball
1-0: Swinging Strike
1-1: Swinging Strike
1-2: Ball
2-2: Strikes out swinging
Batting: LHB Anacleto Morillo 0-0: Called Strike
0-1: Reached on error, E3 (Groundball, 34)
Batting: RHB José Rodríguez 0-0: Ball
1-0: SINGLE (Groundball, 15) (infield hit)
Anacleto Morillo to third
Batting: RHB Michael Woodruff 0-0: Ball
1-0: Called Strike
1-1: Ball
2-1: Grounds into double play, 4-6-3 (Groundball, 4)
Bottom of the 2nd over - 0 run(s), 1 hit(s), 1 error(s), 1 left on base; Plymouth 0 - Maui 0
TOP OF THE 3RD
Plymouth Rocks batting - Pitching for Maui Tropics : RHP Júlio González
Batting: RHB Víctor Chávez 0-0: Called Strike
0-1: Fly out, F8 (Flyball, 8LM)
Batting: RHB Jorge Jiménez 0-0: Swinging Strike
0-1: Ball
1-1: Called Strike
1-2: Ball
2-2: Strikes out swinging
Batting: LHB Sean Nicks 0-0: Called Strike
0-1: SINGLE (Line Drive, 34)
Batting: RHB Luis Sánchez 0-0: Ball
1-0: Called Strike
1-1: Ball
2-1: Called Strike
2-2: Foul Ball, location: 2F
2-2: Ground out 6-3 (Groundball, 6S)
Top of the 3rd over - 0 run(s), 1 hit(s), 0 error(s), 1 left on base; Plymouth 0 - Maui 0
BOTTOM OF THE 3RD
Maui Tropics batting - Pitching for Plymouth Rocks : RHP Walt Burton
Batting: RHB Matt Silver 0-0: SINGLE (Line Drive, 78M)
Batting: LHB Javier Espinoza 0-0: Called Strike
0-1: Ball
1-1: Foul Ball, location: 2F
1-2: Ball
2-2: Fly out, F7 (Flyball, 7D)
Batting: RHB Jeff Packard 0-0: Called Strike
0-1: Ball
1-1: Ball
2-1: Grounds into double play, 3-6-3 (Groundball, 3)
Bottom of the 3rd over - 0 run(s), 1 hit(s), 0 error(s), 0 left on base; Plymouth 0 - Maui 0
TOP OF THE 4TH
Plymouth Rocks batting - Pitching for Maui Tropics : RHP Júlio González
Batting: RHB Andrés Lara 0-0: Ball
1-0: DOUBLE (Flyball, 8RD)
Batting: LHB Roy Patrick 0-0: Called Strike
0-1: Swinging Strike
0-2: Fly out, F7 (Flyball, 7S)
Batting: SHB Greg Welch 0-0: Foul Ball, location: 2F
0-1: SINGLE (Line Drive, 8RS)
Andrés Lara to third
Runner from 3rd tries for Home, SAFE, no throw or cutoff
Batting: LHB Roger Moore 0-0: Swinging Strike
0-1: Foul Ball, location: 2F
0-2: Ball
1-2: Ball
2-2: Ball
3-2: Foul Ball, location: 2F
3-2: Base on Balls
Greg Welch to second
Batting: LHB Barrett Waters 0-0: Fly out, F7 (Flyball, 78XD)
Runner from 2nd tags up, SAFE at 3rd, no throw
Batting: RHB Víctor Chávez 0-0: Called Strike
0-1: Ball
1-1: Ball
2-1: Swinging Strike
2-2: Ball
3-2: Foul Ball, location: 2F
3-2: Strikes out looking
Top of the 4th over - 1 run(s), 2 hit(s), 0 error(s), 2 left on base; Plymouth 1 - Maui 0
BOTTOM OF THE 4TH
Maui Tropics batting - Pitching for Plymouth Rocks : RHP Walt Burton
Batting: RHB Eugene Gill 0-0: Ball
1-0: Bunt for hit - play at first, batter OUT! 1-3
Batting: RHB José Herrera 0-0: Ball
1-0: Fly out, F6 (Popup, 6)
Batting: LHB Luis Antonio Torres 0-0: Foul Ball, location: 2F
0-1: DOUBLE (Groundball, 3L)
Batting: LHB Anacleto Morillo 0-0: Ball
1-0: Called Strike
1-1: Ball
2-1: Ball
3-1: Base on Balls
Batting: RHB José Rodríguez 0-0: Ground out 5-3 (Groundball, 56)
Bottom of the 4th over - 0 run(s), 1 hit(s), 0 error(s), 2 left on base; Plymouth 1 - Maui 0
TOP OF THE 5TH
Plymouth Rocks batting - Pitching for Maui Tropics : RHP Júlio González
Batting: RHB Jorge Jiménez 0-0: Ball
1-0: Ball
2-0: Foul Ball, location: 2F
2-1: Ball
3-1: Called Strike
3-2: Foul Ball, location: 2F
3-2: Foul Ball, location: 2F
3-2: Fly out, F4 (Popup, 4)
Batting: LHB Sean Nicks 0-0: Ball
1-0: Ground out 4-3 (Groundball, 4)
Batting: RHB Luis Sánchez 0-0: Ball
1-0: Fly out, F8 (Flyball, 8RM)
Top of the 5th over - 0 run(s), 0 hit(s), 0 error(s), 0 left on base; Plymouth 1 - Maui 0
BOTTOM OF THE 5TH
Maui Tropics batting - Pitching for Plymouth Rocks : RHP Walt Burton
Batting: RHB Michael Woodruff 0-0: Foul Ball, location: 2F
0-1: Ball
1-1: Called Strike
1-2: Foul Ball, location: 2F
1-2: Foul Ball, location: 2F
1-2: Strikes out swinging
Batting: RHB Matt Silver 0-0: Swinging Strike
0-1: Ball
1-1: Ball
2-1: Ground out 6-3 (Groundball, 6)
Batting: LHB Javier Espinoza 0-0: Swinging Strike
0-1: Foul Ball, location: 2F
0-2: Ground out 4-3 (Groundball, 4)
Bottom of the 5th over - 0 run(s), 0 hit(s), 0 error(s), 0 left on base; Plymouth 1 - Maui 0
TOP OF THE 6TH
Plymouth Rocks batting - Pitching for Maui Tropics : RHP Júlio González
Batting: RHB Andrés Lara 0-0: Ball
1-0: Fly out, F7 (Flyball, 78XD)
Batting: LHB Roy Patrick 0-0: Foul Ball, location: 2F
0-1: Ball
1-1: Ball
2-1: Swinging Strike
2-2: Strikes out swinging
Batting: SHB Greg Welch 0-0: Called Strike
0-1: Ball
1-1: Ball
2-1: Foul Ball, location: 2F
2-2: Strikes out swinging
Top of the 6th over - 0 run(s), 0 hit(s), 0 error(s), 0 left on base; Plymouth 1 - Maui 0
BOTTOM OF THE 6TH
Maui Tropics batting - Pitching for Plymouth Rocks : RHP Walt Burton
Batting: RHB Jeff Packard 0-0: Ball
1-0: Foul Ball, location: 2F
1-1: Foul Ball, location: 2F
1-2: SINGLE (Line Drive, 89S)
Batting: RHB Eugene Gill 0-0: Ball
1-0: Fly out, F2 (Popup, 25F)
Batting: RHB José Herrera 0-0: Ball
1-0: Called Strike
1-1: Foul Ball, location: 2F
1-2: Foul Ball, location: 2F
1-2: Ground out 5-3 (Groundball, 15S)
Jeff Packard to second
Batting: LHB Luis Antonio Torres 0-0: Called Strike
0-1: Ground out 5-3 (Groundball, 56)
Bottom of the 6th over - 0 run(s), 1 hit(s), 0 error(s), 1 left on base; Plymouth 1 - Maui 0
TOP OF THE 7TH
Plymouth Rocks batting - Pitching for Maui Tropics : RHP Júlio González
Batting: LHB Roger Moore 0-0: Called Strike
0-1: Ball
1-1: Ball
2-1: Foul Ball, location: 2F
2-2: Ball
3-2: SOLO HOME RUN (Flyball, 9LD), Distance : 348 ft
Batting: LHB Barrett Waters 0-0: Called Strike
0-1: Ball
1-1: Foul Ball, location: 2F
1-2: Strikes out looking
Batting: RHB Víctor Chávez 0-0: Ball
1-0: SINGLE (Line Drive, 4D)
Batting: RHB Jorge Jiménez 0-0: Called Strike
0-1: Ball
1-1: Ball
2-1: Fly out, F4 (Popup, 4MD)
Batting: LHB Sean Nicks 0-0: Ball
1-0: Called Strike
1-1: Foul Ball, location: 2F
1-2: Foul Ball, location: 2F
1-2: Ball
2-2: Ball
3-2: Fly out, F8 (Flyball, 8LM)
Top of the 7th over - 1 run(s), 2 hit(s), 0 error(s), 1 left on base; Plymouth 2 - Maui 0
BOTTOM OF THE 7TH
Maui Tropics batting - Pitching for Plymouth Rocks : RHP Walt Burton
Batting: LHB Anacleto Morillo 0-0: Ball
1-0: Ball
2-0: Ball
3-0: Called Strike
3-1: Foul Ball, location: 2F
3-2: Ground out U3 (Groundball, 3L)
Batting: RHB José Rodríguez 0-0: Ball
1-0: Called Strike
1-1: Ball
2-1: Foul Ball, location: 2F
2-2: Strikes out swinging
Batting: RHB Michael Woodruff 0-0: Foul Ball, location: 2F
0-1: Foul Ball, location: 2F
0-2: Foul Ball, location: 2F
0-2: Foul Ball, location: 2F
0-2: Ball
1-2: Fly out, F7 (Flyball, 78M)
Bottom of the 7th over - 0 run(s), 0 hit(s), 0 error(s), 0 left on base; Plymouth 2 - Maui 0
TOP OF THE 8TH
Plymouth Rocks batting - Pitching for Maui Tropics : RHP Júlio González
Pitching: RHP Dave Riley
Batting: RHB Luis Sánchez 0-0: Ball
1-0: Ball
2-0: Ground out 2-3 (Groundball, 13S)
Batting: RHB Andrés Lara 0-0: Foul Ball, location: 2F
0-1: Fly out, F8 (Flyball, 8RM)
Batting: LHB Roy Patrick 0-0: Ball
1-0: Swinging Strike
1-1: Ball
2-1: Ground out U3 (Groundball, 3)
Top of the 8th over - 0 run(s), 0 hit(s), 0 error(s), 0 left on base; Plymouth 2 - Maui 0
BOTTOM OF THE 8TH
Maui Tropics batting - Pitching for Plymouth Rocks : RHP Walt Burton
Now at 1B: Júlio Negrón
Batting: RHB Matt Silver 0-0: Called Strike
0-1: Foul Ball, location: 2F
0-2: SINGLE (Groundball, 56)
Batting: LHB Javier Espinoza 0-0: Ball
1-0: Ball
2-0: Grounds into double play, 5-4-3 (Groundball, 5)
Batting: RHB Jeff Packard 0-0: Ball
1-0: Foul Ball, location: 2F
1-1: Ball
2-1: Fly out, F4 (Popup, 4D)
Bottom of the 8th over - 0 run(s), 1 hit(s), 0 error(s), 0 left on base; Plymouth 2 - Maui 0
TOP OF THE 9TH
Plymouth Rocks batting - Pitching for Maui Tropics : RHP Dave Riley
Batting: SHB Greg Welch 0-0: Ball
1-0: Called Strike
1-1: Ball
2-1: Ground out 5-3 (Groundball, 5)
Batting: LHB Roger Moore 0-0: Ground out U3 (Groundball, 3L)
Batting: LHB Barrett Waters 0-0: Fly out, F8 (Flyball, 8LXD)
Top of the 9th over - 0 run(s), 0 hit(s), 0 error(s), 0 left on base; Plymouth 2 - Maui 0
BOTTOM OF THE 9TH
Maui Tropics batting - Pitching for Plymouth Rocks : RHP Walt Burton
Now at C: Tadakuni Sugiyama
Batting: RHB Eugene Gill 0-0: Swinging Strike
0-1: Foul Ball, location: 2F
0-2: Foul Ball, location: 2F
0-2: Ball
1-2: Foul Ball, location: 2F
1-2: Ball
2-2: Fly out, F9 (Flyball, 9M)
Batting: RHB José Herrera 0-0: Ground out 4-3 (Groundball, 34)
Pitching: RHP Lorenzo Ramos
Batting: LHB Luis Antonio Torres 0-0: Ball
1-0: Swinging Strike
1-1: SINGLE (Flyball, 89S)
Batting: LHB Anacleto Morillo 0-0: Foul Ball, location: 2F
0-1: Ball
1-1: Ball
2-1: Ball
3-1: Base on Balls
Luis Antonio Torres to second
Batting: RHB José Rodríguez 0-0: Foul Ball, location: 2F
0-1: Foul Ball, location: 2F
0-2: Ball
1-2: Ball
2-2: Strikes out swinging
Bottom of the 9th over - 0 run(s), 1 hit(s), 0 error(s), 2 left on base; Plymouth 2 - Maui 0
Monday, December 5th, 2016 - OOTP Baseball 17.12 Build 75